 Dungeon Crawl Stone Soup version 0.26.0-10-g1f06aea511 (webtiles) character file.

Game seed: 11234249789635437254

8436 dohliylev the Cleaver (level 11, -53/99 HPs)
             Began as a Minotaur Berserker on Jan 17, 2021.
             Was a High Priest of Trog.
             Annihilated by an enormous slime creature (77 damage)
             ... on level 10 of the Dungeon.
             The game lasted 00:18:31 (9512 turns).

dohliylev the Cleaver (Minotaur Berserker)          Turns: 9512, Time: 00:18:32

Health: -53/99     AC: 19    Str: 25    XL:     11   Next: 9%
Magic:  3/3        EV: 18    Int:  4    God:    Trog [*****.]
Gold:   672        SH:  5    Dex: 10    Spells: 10/10 levels left

rFire    . . .     SeeInvis .   L - +3 battleaxe (antimagic)
rCold    . . .     Faith    .   (shield currently unavailable)
rNeg     . . .     Spirit   .   g - +0 plate armour
rPois    .         Reflect  +   (helmet restricted)
rElec    .         Harm     .   B - +0 cloak
rCorr    .         Rampage  .   G - +2 pair of gloves
Will     .....                  m - +0 pair of boots
Stlth    ..........             H - amulet of reflection
HPRegen  0.26/turn              o - +4 ring of evasion
MPRegen  0.08/turn              x - +4 ring of evasion

@: berserk cooldown, slowed, very slow
A: retaliatory headbutt, horns 2
a: Renounce Religion, Berserk, Trog's Hand, Brothers in Arms


You were on level 10 of the Dungeon.
You worshipped Trog.
Trog was extremely pleased with you.
You visited 1 branch of the dungeon, and saw 10 of its levels.

You collected 672 gold pieces.

Inventory:

Hand Weapons
 L - a +3 antimagic battleaxe (weapon)
Armour
 g - a +0 plate armour (worn)
 m - a +0 pair of boots (worn)
 B - a +0 cloak (worn)
 G - a +2 pair of gloves (worn)
Jewellery
 o - a +4 ring of evasion (left hand)
 v - an uncursed ring of positive energy
 w - an uncursed ring of poison resistance
 x - a +4 ring of evasion (right hand)
 D - an uncursed ring of resist corrosion
 H - an amulet of reflection (around neck)
 K - an uncursed amulet of faith {unknown}
Wands
 y - a wand of flame (16)
 C - a wand of polymorph (11)
 F - a wand of iceblast (13)
Scrolls
 d - 2 scrolls of fog {unknown}
 e - 5 scrolls of enchant weapon {unknown}
 f - 3 scrolls of remove curse {unknown}
 h - 22 scrolls of identify {unknown}
 i - 2 scrolls of fear {unknown}
 n - 15 scrolls of teleportation {unknown}
 q - 3 scrolls of amnesia {unknown}
 s - a scroll of random uselessness {unknown}
 t - 3 scrolls of enchant armour {unknown}
 z - a scroll of blinking {unknown}
 A - 2 scrolls of noise {unknown}
Potions
 a - a potion of magic {unknown}
 b - a potion of might {unknown}
 c - 3 potions of flight {unknown}
 k - 6 potions of curing {unknown}
 l - a potion of lignification {unknown}
 p - 2 potions of berserk rage {unknown}
 r - a potion of haste
 u - 3 potions of brilliance {unknown}
 E - a potion of heal wounds {unknown}
 I - a potion of attraction {unknown}
 J - a potion of degeneration {unknown}


   Skills:
 + Level 9.7 Fighting
 + Level 13.8 Axes
 + Level 7.5 Armour
 + Level 7.9 Dodging
 + Level 5.5 Shields


You had 10 spell levels left.
You didn't know any spells.
Your spell library was empty.

Dungeon Overview and Level Annotations

Branches:
Dungeon (10/15)            Temple (0/1) D:6            Lair (0/6) D:9
    Orc: D:9-12

Altars:
Dithmenos
Makhleb
Nemelex Xobeh
Okawaru
Trog
Wu Jian
Xom
Zin
Beogh

Shops:
D:7 }


Innate Abilities, Weirdness & Mutations

You reflexively headbutt those who attack you in melee.
You have a pair of horns on your head.


Message History

You are exhausted.
You feel yourself slow down.
You slash the enormous slime creature!
The enormous slime creature is moderately wounded.
The enormous slime creature misses you.
The slime creature hits you but does no damage.
The enormous slime creature closely misses you.
You furiously retaliate!
You headbutt the enormous slime creature.
You barely miss the enormous slime creature.
The enormous slime creature is moderately wounded.
You slash the slime creature!
You kill the slime creature!
Trog accepts your kill.
The enormous slime creature hits you!!!!
Ouch! That really hurt!
* * * LOW HITPOINT WARNING * * *
The enormous slime creature hits you!!!!
Ouch! That really hurt!
You die...

#........................#
#........................#
###+###+#########....#'#####
......... #....#.[...#
........ #....#.....# ......
#....#.....# ....
#....#.....#
##+###'########....#.....#
#..........J@......#.....#
#..............#####.....#
#..............#..##....##
#.....)........#..##'#####
#..............#..'......#
.^...########+###..##..(..#
..... #..##.....# .....
#######...# .... #...#


You could see an enormous slime creature.

Vanquished Creatures
  Harold (D:10)
  A two-headed ogre (D:10)
  The ghost of hittemvvvhard the Gusty, a novice HuAE of Vehumet (D:5)
  A hornet (D:10)
  A slime creature (D:10)
  10 yaks (D:9)
  A wraith (D:10)
  3 wyverns
  2 phantoms
  An ice beast (D:6)
  A black bear (D:9)
  5 orc warriors
  A necrophage (D:5)
  7 ogres
  2 centaurs
  3 bullfrogs
  A wyvern skeleton (D:10)
  A water moccasin skeleton (D:5)
  3 scorpions
  8 killer bees
  5 wights
  3 electric eels (D:6)
  4 howler monkeys
  A bullfrog zombie (D:7)
  3 jellies
  2 centaur skeletons
  8 hounds
  9 orc priests
  Crazy Yiuf (D:7)
  A bullfrog skeleton (D:5)
  Terence (D:2)
  An iguana (D:7)
  9 orc wizards
  3 worker ants
  2 hound skeletons (D:8)
  A howler monkey skeleton (D:8)
  7 adders
  A shadow imp (D:7)
  A white imp (D:6)
  5 ufetubi
  An ooze (D:1)
  An adder zombie (D:7)
  2 adder skeletons
  5 worms
  2 dart slugs
  5 leopard geckos
  47 orcs
  15 bats
  8 giant cockroaches
  10 goblins
  12 hobgoblins
  4 jackals (D:9)
  12 kobolds
  4 quokkas
  4 frilled lizards
  A jackal skeleton (D:8)
  A quokka skeleton (D:5)
  6 rats
262 creatures vanquished.

Vanquished Creatures (others)
  8 plants (D:6)
8 creatures vanquished.

Grand Total: 270 creatures vanquished

Notes
Turn   | Place    | Note
-------+----------+-------------------------------------------
     0 | D:1      | dohliylev the Minotaur Berserker began the quest for the
                  | Orb.
     0 | D:1      | Reached XP level 1. HP: 19/19 MP: 0/0
   194 | D:1      | Reached XP level 2. HP: 27/27 MP: 1/1
   259 | D:1      | Reached skill level 4 in Axes
   670 | D:1      | Reached ** piety under Trog
   671 | D:1      | Reached XP level 3. HP: 32/33 MP: 2/2
  1278 | D:2      | Reached XP level 4. HP: 41/41 MP: 3/3
  1324 | D:2      | Noticed Terence
  1333 | D:2      | Killed Terence
  1334 | D:2      | Reached skill level 5 in Axes
  1700 | D:2      | Found a sparkling altar of Nemelex Xobeh.
  2296 | D:3      | Reached XP level 5. HP: 30/47 MP: 4/4
  2429 | D:3      | Reached *** piety under Trog
  2488 | D:3      | Reached skill level 6 in Axes
  2675 | D:3      | Reached skill level 5 in Fighting
  2675 | D:3      | Reached skill level 1 in Shields
  2675 | D:3      | Reached XP level 6. HP: 44/56 MP: 5/5
  2918 | D:3      | Found a shadowy altar of Dithmenos.
  3202 | D:3      | Reached skill level 7 in Axes
  3361 | D:4      | Found a glowing silver altar of Zin.
  3527 | D:4      | Reached XP level 7. HP: 31/61 MP: 6/6
  3692 | D:4      | Reached **** piety under Trog
  3895 | D:4      | Found an ornate altar of the Wu Jian Council.
  4293 | D:5      | Entered Level 5 of the Dungeon
  4299 | D:5      | Reached skill level 8 in Axes
  4327 | D:5      | Found a shimmering altar of Xom.
  4561 | D:5      | Found a transporter.
  4561 | D:5      | Found a transporter.
  4561 | D:5      | Noticed hittemvvvhard's ghost (novice HuAE)
  4584 | D:5      | Killed hittemvvvhard's ghost
  4585 | D:5      | Reached skill level 9 in Axes
  4585 | D:5      | Reached skill level 5 in Dodging
  4585 | D:5      | Reached XP level 8. HP: 71/71 MP: 7/7
  4893 | D:6      | Found a bloodstained altar of Trog.
  4900 | D:6      | Found a staircase to the Ecumenical Temple.
  5640 | D:6      | Reached skill level 10 in Axes
  6247 | D:7      | Reached XP level 9. HP: 79/79 MP: 8/8
  6253 | D:7      | Reached skill level 5 in Armour
  6544 | D:7      | Reached ***** piety under Trog
  6813 | D:7      | Found Konnyta's Gadget Emporium.
  6928 | D:7      | Found a runed translucent door.
  6929 | D:7      | Noticed Crazy Yiuf
  6938 | D:7      | Killed Crazy Yiuf
  7212 | D:8      | Found a shimmering altar of Xom.
  7332 | D:8      | Reached skill level 11 in Axes
  7831 | D:8      | Found a burning altar of Makhleb.
  7902 | D:8      | Found an iron altar of Okawaru.
  7995 | D:9      | Reached XP level 10. HP: 90/90 MP: 9/9
  8286 | D:9      | Reached skill level 12 in Axes
  8382 | D:9      | Found a staircase to the Lair.
  8414 | D:9      | Received a gift from Trog
  8421 | D:9      | Reached skill level 5 in Shields
  8853 | D:10     | Entered Level 10 of the Dungeon
  8855 | D:10     | Noticed Harold
  8865 | D:10     | Killed Harold
  8938 | D:10     | Found a roughly hewn altar of Beogh.
  8946 | D:10     | Reached skill level 13 in Axes
  9005 | D:10     | Noticed a two-headed ogre
  9017 | D:10     | Killed a two-headed ogre
  9214 | D:10     | Paralysed by a hornet for 2 turns
  9222 | D:10     | Paralysed by a hornet for 2 turns
  9225 | D:10     | Reached XP level 11. HP: 90/97 MP: 3/10
  9512 | D:10     | Annihilated by an enormous slime creature

Illustrated notes

Levels and vault maps discovered:
D:1:      lightli_arrival_quake, layout_basic, minmay_tall_x
D:2:      layout_loops_corners, nemelex_xobeh_ov_fountains_minmay,
          hangedman_decor_points, uniq_terence
D:3:      layout_basic, lemuel_round_altar, kennysheep_generic_room_13
D:4:      layout_rooms, zin_academy, nzn_wu_jian_council_hall,
          chequers_arboretum, chequers_big_river
D:5:      layout_rooms, lemuel_crystal_altar, gammafunk_ghost_mausoleum
D:6:      layout_rooms, bloody_trog, minmay_temple_entry_offerings,
          serial_bayou, serial_bayou_shore_a, serial_bayou_shore_b,
          serial_bayou_ford_a, serial_bayou_shore_b, serial_bayou_pond_b,
          serial_bayou_pond_d
D:7:      layout_basic, serial_shops, shop, uniq_crazy_yiuf_cottage
D:8:      layout_cave_pools, lemuel_coloured_pillars_altar, marbit_many_paths,
          tgw_xom
D:9:      layout_roguey, lair_entry_dummy, nicolae_sextant
D:10:     layout_gridville, orc_0_dummy, special_room [special_room_orc],
          minmay_misc_feat_encased, kennysheep_generic_room_12, uniq_fannar,
          uniq_grum, uniq_josephine, uniq_harold

Skill      XL: |  1  2  3  4  5  6  7  8  9 10 |
---------------+-------------------------------+-----
Fighting       | 4 5 6 7 8 9 |  9.7
Axes           | 4 5 6 7 9 10 11 13 | 13.8
Dodging        | 3 4 5 6 7 |  7.9
Shields        | 1 2 3 4 5 |  5.5
Armour         | 3 4 6 7 |  7.5

Action                   |  1- 3 |  4- 6 |  7- 9 | 10-12 || total
-------------------------+-------+-------+-------+-------++-------
Melee: Hand axe          |    77 |   144 |   270 |    48 ||   539
       Headbutt          |    11 |    25 |    40 |    27 ||   103
       Battleaxe         |       |       |       |   102 ||   102
Invok: Berserk           |       |     3 |     8 |     5 ||    16
       Trog's Hand       |       |       |     1 |       ||     1
 Stab: Sleeping          |       |     3 |       |       ||     3
Armor: Animal skin       |    29 |    18 |     1 |       ||    48
       Ring mail         |       |       |    28 |    12 ||    40
       Plate armour      |       |       |       |    19 ||    19
Dodge: Dodged            |    66 |   104 |   169 |   109 ||   448
Block: Buckler           |     2 |    22 |    50 |    12 ||    86
       Other             |       |       |       |    22 ||    22
       Reflection        |       |       |       |     2 ||     2
